 Dungeon Crawl Stone Soup version 0.29-a0-330-g52719c12eb (webtiles) character file.

Game seed: 4213607409694169440

104 Crownlay the Digger (level 4, -4/28 HPs)
             Began as an Octopode Earth Elementalist on May 8, 2022.
             Slain by Grinder (7 damage)
             ... on level 3 of the Dungeon.
             The game lasted 00:04:04 (3270 turns).

Crownlay the Digger (Octopode Earth Elementalist)   Turns: 3270, Time: 00:04:04

Health: -4/28      AC:  1    Str:  7    XL:     4   Next: 80%
Magic:  1/9        EV: 13    Int: 19    God:
Gold:   99         SH:  0    Dex: 12    Spells: 6/10 levels left

rFire   . . .      SeeInvis .   g - +3 dagger
rCold   . . .      Faith    .   (no shield)
rNeg    . . .      Spirit   .   (helmet restricted)
rPois   .          Reflect  .   (no amulet)
rElec   .          Harm     .   (no ring)
rCorr   .          Rampage  .   (no ring)
Will    .....                   (no ring)
Stlth   +++.......              (no ring)
HPRegen 0.09/turn               (no ring)
MPRegen 0.11/turn               (no ring)
                                (no ring)
                                (no ring)

@: no status effects
A: almost no armour, amphibious, 8 rings, camouflage 1, gelatinous body 1,
(nimble swimmer 1), tentacles
a: no special abilities


You were on level 3 of the Dungeon.
You visited 1 branch of the dungeon, and saw 3 of its levels.

You collected 99 gold pieces.

Inventory:

Hand Weapons
 g - a +3 dagger (weapon)
Missiles
 a - 42 stones
Scrolls
 c - 2 scrolls of teleportation {unknown}
 d - 2 scrolls of enchant weapon {unknown}
 e - a scroll of torment {unknown}
 f - a scroll of enchant armour {unknown}
 i - 2 scrolls of vulnerability {unknown}
 j - a scroll of identify {unknown}
 l - a scroll of blinking {unknown}
 m - a scroll of silence {unknown}
Potions
 b - a potion of magic
 h - a potion of brilliance {unknown}
 k - a potion of haste


   Skills:
 + Level 1.0 Fighting
 - Level 2.0 Dodging
 - Level 2.6 Stealth
 * Level 3.7 Spellcasting
 - Level 1.0 Transmutations
 + Level 3.8 Earth Magic


You had 6 spell levels left.
You knew the following spells:

 Your Spells              Type           Power      Damage    Failure   Level
a - Sandblast             Erth           36%        2d10      3%          1
b - Stone Arrow           Conj/Erth      20%        3d8       21%         3

Your spell library contained the following spells:

 Spells                   Type           Power      Damage    Failure   Level
 Passwall                 Tmut/Erth      10%        N/A       8%          2
 Petrify                  Tmut/Erth      12%        N/A       45%         4


Dungeon Overview and Level Annotations

Branches:
Dungeon (3/15)

Altars:

Annotations:
D:3 Grinder


Innate Abilities, Weirdness & Mutations

You cannot wear most types of armour.
You are amphibious.
You can wear up to eight rings at the same time.
Your skin changes colour to match your surroundings (Stealth+).
Your rubbery body absorbs attacks. (AC +1, EV +1)
((You are camouflaged when in or above water. (Stealth+)))
You have tentacles for arms and can constrict up to eight enemies at once.


Message History

Grinder comes into view.
The blast of sand hits the adder!
The adder is severely wounded.
The adder hisses angrily.
Grinder shouts!
Grinder blinks!
The blast of sand hits the adder.
The adder is severely wounded.
The adder bites you.
The blast of sand misses the adder.
The adder bites you. Grinder gestures at you. Pain shoots through your body!
The blast of sand hits the adder.
You kill the adder!
The blast of sand misses Grinder.
Grinder hits you.
You writhe in agony.
The blast of sand hits Grinder.
Grinder is lightly wounded.
Grinder says, "Wait up."
Grinder hits you!
* * * LOW HITPOINT WARNING * * *
You writhe in agony.
* * * LOW HITPOINT WARNING * * *
You are too injured to fight recklessly!
Casting: Sandblast (safe; 3% risk of failure)
Confirm with . or Enter, or press ? or * to list all spells.
Aiming: Sandblast (safe; 3% risk of failure)
Press: ? - help, Shift-Dir - straight line, f/p - Grinder
Aim: Grinder (lightly wounded, 77% to hit)
The blast of sand hits Grinder.
Grinder is moderately wounded.
Grinder gestures at you.
You barely resist.
Casting: Sandblast (safe; 3% risk of failure)
Confirm with . or Enter, or press ? or * to list all spells.
Aiming: Sandblast (safe; 3% risk of failure)
Press: ? - help, Shift-Dir - straight line, f/p - Grinder
Aim: Grinder (moderately wounded, 77% to hit)
The blast of sand hits Grinder.
Grinder is moderately wounded.
Grinder hits you!
You die...

#. ######.### .#.
##.......... #...
##............ #...
#.............. ##.#.
#.............. #..##
#..............##.###
#..†.......>.......).
#...@5..).........†..
##............#......
#....................
....#####.####....##.##
........................
...#######.####......###
... ###.####....##### ##
#<...............
#............####


You could see Grinder.

Vanquished Creatures
  2 adders
  4 worms
  A dart slug (D:2)
  An orc (D:3)
  8 ball pythons
  5 endoplasms (D:1)
  2 giant cockroaches
  4 goblins
  7 hobgoblins
  7 jackals
  6 kobolds
  4 quokkas
  6 bats
  A frilled lizard (D:2)
  4 rats
  2 bushes (D:2)
64 creatures vanquished.

Vanquished Creatures (others)
  2 plants (D:2)
2 creatures vanquished.

Grand Total: 66 creatures vanquished

Notes
Turn   | Place    | Note
-------+----------+-------------------------------------------
     0 | D:1      | Crownlay the Octopode Earth Elementalist began the quest
                  | for the Orb.
     0 | D:1      | Reached XP level 1. HP: 11/11 MP: 3/3
   253 | D:1      | Reached XP level 2. HP: 17/17 MP: 0/5
   745 | D:1      | Reached XP level 3. HP: 21/21 MP: 7/7
   808 | D:1      | Found a faded altar of an unknown god.
  1558 | D:2      | HP: 1/21 [worm (10)]
  1915 | D:2      | Reached XP level 4. HP: 23/27 MP: 3/9
  2118 | D:2      | Learned a level 3 spell: Stone Arrow
  3237 | D:3      | Reached skill level 1 in Fighting
  3260 | D:3      | Noticed Grinder
  3270 | D:3      | Slain by Grinder

Illustrated notes

Levels and vault maps discovered:
D:1:      scummos_arrival_forest, layout_loops_ring,
          hellmonk_ecumenical_altar_blasted
D:2:      layout_loops_ring, serial_forest, infiniplex_forest_clump_tiny,
          infiniplex_forest_zigzag_2, infiniplex_forest_straight_4,
          infiniplex_forest_lined_4_way, infiniplex_forest_straight_4,
          infiniplex_forest_lined_3, infiniplex_forest_lined_3,
          infiniplex_forest_end_2
D:3:      layout_rooms, nicolae_ru_path_of_blood,
          nicolae_gozag_cash_rules_everything_around_me, uniq_grinder

Skill      XL: |  1  2  3  4 |
---------------+-------------+-----
Spellcasting   | 3 |  3.7
Fighting       | 1 |  1.0
Dodging        | |  2.0
Stealth        | |  2.6
Transmutations | |  1.0
Earth Magic    | |  3.8

Action                   |  1- 3 |  4- 6 || total
-------------------------+-------+-------++-------
Melee: Unarmed           |    11 |       ||    11
       Constrict         |    17 |     5 ||    22
       Dagger            |    38 |   257 ||   295
       Tentacles         |     9 |    92 ||   101
       Punch             |     2 |     3 ||     5
 Cast: Sandblast         |    23 |    32 ||    55
 Stab: Sleeping          |     4 |       ||     4
Armor: Skin              |     4 |     2 ||     6
Dodge: Dodged            |    27 |    19 ||    46

Table legend: (Time is in decaauts)
 A = Elapsed time spent in this place.
 B = Non-inter-level travel time spent in this place.
 C = Inter-level travel time spent in this place.
 D = Time resting spent in this place.
 E = Time spent auto-exploring this place.
 F = Levels seen in this place.
 G = Mean time per level.
                   A        B        C        D        E       F      G
               +--------+--------+--------+--------+--------+-----+--------+
         Total |   3268 |   3198 |     70 |      0 |   2582 |   3 | 1089.3 |
       Dungeon |   3268 |   3198 |     70 |      0 |   2582 |   3 | 1089.3 |
               +--------+--------+--------+--------+--------+-----+--------+

Top non-repeatable levels by time:
     D:2: 1627 daAuts
     D:1: 1382 daAuts
     D:3: 258 daAuts
